 Dungeon Crawl Stone Soup version 0.29.1-2-gbd0b4ee654 (webtiles) character file.

Game seed: 10015256144363889109

25 funnyparkerb the Caller (level 2, -1/11 HPs)
             Began as a Felid Summoner on Nov 1, 2022.
             Slain by a jackal (3 damage)
             ... on level 1 of the Dungeon.
             The game lasted 00:02:57 (1409 turns).

funnyparkerb the Caller (Felid Summoner)            Turns: 1409, Time: 00:02:58

Health: -1/11      AC:  1    Str:  4    XL:     2   Next: 86%
Magic:  6/6        EV: 17    Int: 16    God:
Gold:   49         SH:  0    Dex: 16    Spells: 3/6 levels left
                                        Lives:  0   Deaths: 0

rFire   . . .      SeeInvis +   (weapon unavailable)
rCold   . . .      Faith    .   (shield unavailable)
rNeg    . . .      Spirit   .   (body armour unavailable)
rPois   .          Reflect  .   (helmet unavailable)
rElec   .          Harm     .   (cloak unavailable)
rCorr   .          Rampage  .   (gloves unavailable)
Will    .....                   (boots unavailable)
Stlth   ++........              (no amulet)
HPRegen 0.03/turn               (no ring)
MPRegen 0.10/turn               (no ring)

@: quick
A: very small, claws 1, fangs 3, see invisible, speed 1, shaggy fur 1, stealthy
paws, no weapons or thrown items, no armour, multi-lived
a: no special abilities


You were on level 1 of the Dungeon.
You visited 1 branch of the dungeon, and saw 1 of its levels.

You collected 49 gold pieces.

Inventory:

Scrolls
 c - a scroll of blinking {unknown}
 f - a scroll of fog {unknown}
 g - a scroll of identify {unknown}
 j - a scroll of torment {unknown}
 k - a scroll of enchant weapon {unknown}
 l - a scroll of vulnerability {unknown}
Potions
 a - a potion of magic
 b - a potion of degeneration {unknown}
 d - a potion of flight {unknown}
 e - 3 potions of haste {unknown}
 h - a potion of mutation {unknown}
 i - a potion of brilliance {unknown}


   Skills:
 - Level 2.6 Dodging
 - Level 2.6 Stealth
 + Level 2.6 Spellcasting
 + Level 4.4 Summonings


You had 3 spell levels left.
You knew the following spells:

 Your Spells              Type           Power      Damage    Failure   Level
a - Summon Small Mammal   Summ           64%        N/A       3%          1
b - Call Imp              Summ           16%        N/A       4%          2

Your spell library contained the following spells:

 Spells                   Type           Power      Damage    Failure   Level
 Call Canine Familiar     Summ           16%        N/A       10%         3
 Summon Guardian Golem    Hex/Summ       9%         N/A       24%         3
 Summon Lightning Spire   Summ/Air       9%         N/A       61%         4


Dungeon Overview and Level Annotations

Branches:
Dungeon (1/15)

Altars:


Innate Abilities, Weirdness & Mutations

You have sharp claws.
You have razor-sharp teeth.
You have supernaturally acute eyesight. (SInv)
You cover ground quickly. (Speed+)
You are covered in fur. (AC +1)
Your paws help you pounce on unaware monsters.
You are incapable of wielding weapons or throwing items.
You cannot wear armour.
You gain extra lives every three experience levels.


Message History

A jackal and a frilled lizard come into view.
The jackal barks!
The frilled lizard hisses angrily.
Your crimson imp hits the jackal.
Your crimson imp barely misses the jackal.
The jackal misses you.
The frilled lizard bites your crimson imp but does no damage.
Your crimson imp misses the jackal.
The jackal bites you.
You barely miss the jackal.
The jackal is moderately wounded.
The jackal bites you.
The frilled lizard closely misses your crimson imp.
Your crimson imp misses the jackal.
You closely miss the jackal.
The jackal is moderately wounded.
The jackal bites you but does no damage.
The frilled lizard closely misses your crimson imp.
Your crimson imp misses the jackal.
The jackal bites you.
You closely miss the jackal.
The jackal is moderately wounded.
The frilled lizard closely misses your crimson imp.
The jackal barely misses you.
Your crimson imp hits the jackal.
You scratch the jackal but do no damage.
You bite the jackal, but do no damage.
The jackal is severely wounded.
Your crimson imp disappears in a puff of smoke!
The jackal closely misses you. The jackal bites you.
You scratch the jackal but do no damage.
The jackal is severely wounded.
The frilled lizard misses you. The jackal completely misses you.
You closely miss the jackal.
The jackal is severely wounded.
The jackal closely misses you. The frilled lizard closely misses you.
You barely miss the jackal.
The jackal is severely wounded.
The jackal bites you.
* * * LOW HITPOINT WARNING * * *
The frilled lizard barely misses you. The jackal bites you.
* * * LOW HITPOINT WARNING * * *
The jackal attacks as you move away! The jackal bites you.
You die...

#.# #.# ##### ## ##..<.
##.# ###..... ##...#
##########.#..... #.....#
#>.........#.....
.......###.######.###..≈≈§
..)...§.h@†.........#.≈≈≈≈
........l#.######.###.§≈(§
......##.#.# ##.##.§§>≈
.#...# #.#.# ######.#.§≈(≈
##.####...###......#§§≈§§
#........##.^.###.#..≈≈≈ #
#......#....##.....
#..###...####......
######..# ##.###........


You could see a jackal and a frilled lizard.

Vanquished Creatures
  3 bats (D:1)
  A jackal (D:1)
  A kobold (D:1)
  A rat (D:1)
6 creatures vanquished.

Vanquished Creatures (collateral kills)
  A bat (D:1)
  3 endoplasms (D:1)
  2 goblins (D:1)
  A hobgoblin (D:1)
  A quokka (D:1)
  A ball python (D:1)
  3 frilled lizards (D:1)
  3 kobolds (D:1)
  A rat (D:1)
16 creatures vanquished.

Grand Total: 22 creatures vanquished

Notes
Turn   | Place    | Note
-------+----------+-------------------------------------------
     0 | D:1      | funnyparkerb the Felid Summoner began the quest for the
                  | Orb.
     0 | D:1      | Reached XP level 1. HP: 7/7 MP: 4/4
   404 | D:1      | Reached XP level 2. HP: 7/11 MP: 6/6
   407 | D:1      | Learned a level 2 spell: Call Imp
   882 | D:1      | Found a faded altar of an unknown god.
  1409 | D:1      | Slain by a jackal

Illustrated notes

Levels and vault maps discovered:
D:1:      lemuel_arrival_lava_pool, layout_loops_ring,
          dreamdust_ecumenical_altar_statues

Action                   || total
-------------------------++-------
Melee: Unarmed           ||    36
       Bite              ||     3
 Cast: Summon Small Mamm ||     7
       Call Imp          ||     8
 Stab: Sleeping          ||     2
Armor: Skin              ||     6
Dodge: Dodged            ||    48
